 Dungeon Crawl Stone Soup version 0.21.0-3-g78d12a8 (console) character file.

2300 removed the Ducker (level 9, 0/47 HPs)
             Began as a Vine Stalker Conjurer on Jan 10, 2018.
             Was a Follower of Ru.
             Slain by a killer bee (3 damage)
             ... on level 7 of the Dungeon.
             The game lasted 00:16:38 (7824 turns).

removed the Ducker (Vine Stalker Conjurer)          Turns: 7824, Time: 00:16:39

Health: 0/47       AC:  4    Str: 14    XL:     9   Next: 40%
Magic:  0/16       EV: 16    Int: 15    God:    Ru [*.....]
Gold:   272        SH:  0    Dex: 15    Spells: 10/16 levels left

rFire    . . .     SeeInvis .   a - +2 dagger (venom)
rCold    . . .     Gourm    .   (no shield)
rNeg     + . .     Faith    .   h - +0 robe
rPois    .         Spirit   +   (no helmet)
rElec    .         Reflect  .   g - +1 cloak
rCorr    .         Harm     .   (no gloves)
MR       +....                  (no boots)
Stlth    ++........             (no amulet)
HPRegen  0.55/turn              j - ring of positive energy
MPRegen  0.15/turn              (no ring)

@: no status effects
A: fangs 3, regeneration 1, magic shield, antimagic bite, no potion heal 3, rot
immunity, no charms magic, no hexes magic, no ice magic
a: Renounce Religion


You were on level 7 of the Dungeon.
You worshipped Ru.
Ru was aware of your devotion.
You were hungry.

You visited 2 branches of the dungeon, and saw 9 of its levels.

You collected 272 gold pieces.

Inventory:

Hand Weapons
 a - a +2 dagger of venom (weapon)
 b - the +2 spear "Tef Neoq" {speed, +Rage rF+ MR+ Str+2}
   (You found it on level 7 of the Dungeon)

   Attacks with this weapon are significantly faster.
   It affects your strength (+2).
   It protects you from fire.
   It affects your resistance to hostile enchantments.
   It lets you go berserk.
 d - a +0 club
 y - a +0 long sword
 G - a +1 dagger
 J - a +1 flail of protection
 R - a +0 short sword of venom
 S - a +0 dagger of holy wrath
 T - a +1 dagger of freezing
Missiles
 l - 2 steel javelins (quivered)
Armour
 g - a +1 cloak (worn)
 h - a +0 robe (worn)
Magical Staves
 U - an uncursed staff of poison {unknown}
Jewellery
 j - a ring of positive energy (left hand)
Scrolls
 n - 2 scrolls of teleportation
 z - a scroll of noise {unknown}
 B - a scroll of amnesia
 D - 2 scrolls of remove curse
 F - 2 scrolls of immolation {unknown}
 I - a scroll of fog {unknown}
 N - a scroll of enchant armour
 O - 2 scrolls of enchant weapon
 P - a scroll of fear {unknown}
Potions
 i - 3 potions of brilliance
 p - a potion of heal wounds {unknown}
 q - 4 potions of curing
 C - a potion of agility
 E - 2 potions of flight
Books
 w - a book of Minor Magic

   Spells                             Type                      Level
   a - Magic Dart                     Conjuration                  1
   b - Blink                          Translocation                2
   c - Call Imp                       Summoning                    2
   d - Slow                           Hexes                        2
   e - Conjure Flame                  Conjuration/Fire             3
   f - Mephitic Cloud                 Conjuration/Poison/Air       3
 K - a book of Frost

   Spells                             Type                      Level
   a - Freeze                         Ice                          1
   b - Throw Frost                    Conjuration/Ice              2
   c - Ozocubu's Armour               Charms/Ice                   3
   d - Throw Icicle                   Conjuration/Ice              4
   e - Summon Ice Beast               Ice/Summoning                4
 M - a book of Conjurations

   Spells                             Type                      Level
   a - Magic Dart                     Conjuration                  1
   b - Searing Ray                    Conjuration                  2
   c - Dazzling Spray                 Conjuration/Hexes            3
   d - Fulminant Prism                Conjuration/Hexes            4
   e - Force Lance                    Conjuration/Translocation    4
   f - Iskenderun's Mystic Blast      Conjuration                  4
Comestibles
 c - 8 rations


   Skills:
 - Level 5.2 Fighting
 + Level 6.2 Polearms
 - Level 6.3 Dodging
 - Level 2.4 Stealth
 - Level 4.1 Spellcasting
 - Level 4.0 Conjurations


You had 10 spell levels left.
You knew the following spells:

 Your Spells              Type           Power        Failure   Level  Hunger
a - Magic Dart            Conj           ###.         3%          1    None
b - Conjure Flame         Conj/Fire      #.......     24%         3    ###....
l - Blink                 Tloc           N/A          26%         2    ##.....


Dungeon Overview and Level Annotations

Branches:
Dungeon (8/15)             Temple (1/1) D:4
   Lair: D:8-11

Altars:
Ashenzari
Cheibriados
Dithmenos
Elyvilon
Fedhas
Gozag
Hepliaklqana
Kikubaaqudgha
Makhleb
Nemelex Xobeh
Okawaru
Qazlal
Ru
Sif Muna
Trog
Uskayaw
Vehumet
Wu Jian
Xom
Yredelemnul
Zin
The Shining One

Shops:
D:7 [


Innate Abilities, Weirdness & Mutations

You have razor-sharp teeth.
Your natural rate of healing is unusually fast.
When hurt, damage is shared between your health and your magic reserves.
Your bite disrupts and absorbs the magic of your enemies.
Potions cannot restore your health.
You are immune to rotting.
You cannot study or cast Charms magic.
You cannot study or cast Hexes magic.
You cannot study or cast Ice magic.


Message History

You barely miss the killer bee.
The killer bee is moderately wounded.
You feel sick. The killer bee barely misses you. The killer bee stings you.
* * * LOW HITPOINT WARNING * * *
The killer bee stings you!
* * * LOW HITPOINT WARNING * * *
You are more poisoned.
The killer bee poisons you! The killer bee closely misses you.
Press: ? - help, v - describe, . - travel, g - get item
Here: a killer bee (heavily wounded, poisoned)
A ring mail.
There is something else lying underneath.
The floor.
Your system rejects the healing.
You feel better. The killer bee stings you.
* * * LOW HITPOINT WARNING * * *
The killer bee closely misses you. The killer bee barely misses you. x2
You closely miss the killer bee. Your bite misses the killer bee.
The killer bee is heavily wounded.
The killer bee misses you. x2; The killer bee stings you.
You die...

......#.......## #.#
......#........# #.#
......#........#####.#
......#######..[.....#
......# #...######
.####.# ##..# .# #.#
#..# .# #.# ###†#######
.# #.# #..y@y....#
.####.##### #.#######.#
.##.......# #.......#.#
.########.#########.#.#
###.................#.#
#.#####.###########.#
#.......# #.#
#####################.#
...(..................#


You could see 2 killer bees.

Vanquished Creatures
  Menkaure (D:6)
  2 orc warriors
  A sky beast (D:7)
  A phantom (D:5)
  2 ogres
  4 bullfrogs
  8 killer bees (D:7)
  4 howler monkeys
  A jelly (D:5)
  A centaur skeleton (D:6)
  A hound (D:6)
  9 orc priests
  An iguana (D:6)
  6 orc wizards
  3 worker ants
  4 gnolls
  10 adders
  2 oozes
  An adder zombie (D:6)
  An adder skeleton (D:5)
  3 dart slugs
  6 worms
  3 leopard geckos (D:2)
  19 orcs
  A giant cockroach (D:5)
  6 goblins
  8 hobgoblins
  2 jackals (D:3)
  5 kobolds
  3 quokkas
  9 bats
  8 frilled lizards
  2 rats
138 creatures vanquished.

Notes
Turn   | Place    | Note
-------+----------+-------------------------------------------
     0 | D:1      | removed the Vine Stalker Conjurer began the quest for the Orb.
     0 | D:1      | Reached XP level 1. HP: 9/9 MP: 4/4
   121 | D:1      | Reached skill level 1 in Fighting
   262 | D:1      | Reached XP level 2. HP: 14/14 MP: 0/6
  1373 | D:2      | Reached XP level 3. HP: 18/18 MP: 5/8
  1988 | D:2      | Gained mutation: Your natural rate of healing is unusually fast. [Vine Stalker growth]
  1988 | D:2      | Reached XP level 4. HP: 23/23 MP: 7/9
  1992 | D:2      | Learned a level 2 spell: Blink
  3200 | D:3      | Reached XP level 5. HP: 27/27 MP: 8/12
  3361 | D:3      | Learned a level 3 spell: Conjure Flame
  3837 | D:4      | Found a staircase to the Ecumenical Temple.
  3849 | Temple   | Entered the Ecumenical Temple
  4091 | Temple   | Became a worshipper of Ru the Awakened
  4130 | D:4      | Reached XP level 6. HP: 28/33 MP: 7/13
  4476 | D:5      | Entered Level 5 of the Dungeon
  4502 | D:5      | Noticed a phantom
  5124 | D:5      | Killed a phantom
  5124 | D:5      | Reached XP level 7. HP: 32/37 MP: 14/14
  5354 | D:5      | Gained mutation: You cannot study or cast Ice magic. [Ru sacrifice]
  5354 | D:5      | Gained mutation: You cannot study or cast Hexes magic. [Ru sacrifice]
  5354 | D:5      | Gained mutation: You cannot study or cast Charms magic. [Ru sacrifice]
  5354 | D:5      | Reached * piety under Ru
  5565 | D:6      | Found a snail-covered altar of Cheibriados.
  5615 | D:6      | Reached skill level 5 in Fighting
  5615 | D:6      | Gained mutation: You have razor-sharp teeth. [Vine Stalker growth]
  5615 | D:6      | Reached XP level 8. HP: 43/43 MP: 13/15
  5696 | D:6      | Noticed Menkaure
  5710 | D:6      | Killed Menkaure
  5710 | D:6      | Reached skill level 5 in Dodging
  6329 | D:7      | Got a warped spear
  6330 | D:7      | Identified the cursed +2 spear "Tef Neoq" {speed, +Rage rF+ MR+ Str+2} (You found it on level 7 of the Dungeon)
  6450 | D:7      | Reached skill level 1 in Polearms
  6481 | D:7      | Found Oklanen's Antique Armour Boutique.
  6831 | D:7      | Reached XP level 9. HP: 47/47 MP: 16/16
  7530 | D:8      | Reached skill level 5 in Polearms
  7824 | D:7      | Slain by a killer bee

Skill      XL: |  1  2  3  4  5  6  7  8  9 |
---------------+----------------------------+-----
Fighting       | 1 2 4 5 |  5.2
Spellcasting   | 3 4 |  4.1
Dodging        | 3 4 6 |  6.3
Polearms       | 4 6 |  6.2
Stealth        | |  2.4
Conjurations   | |  4.0

Action                   |  1- 3 |  4- 6 |  7- 9 || total
-------------------------+-------+-------+-------++-------
Melee: Unarmed           |     1 |       |       ||     1
       Dagger            |     5 |    40 |   169 ||   214
       Bite              |     2 |    25 |    76 ||   103
       Short sword       |       |    78 |    63 ||   141
       Spear             |       |       |    31 ||    31
       Flail             |       |       |    11 ||    11
 Cast: Magic Dart        |    72 |   126 |       ||   198
Invok: Sacrifice Arcana  |       |       |     1 ||     1
  Use: Scroll            |     4 |     5 |     2 ||    11
       Potion            |       |       |     2 ||     2
 Stab: Sleeping          |       |     2 |     2 ||     4
       Distracted        |       |       |     1 ||     1
  Eat: Chunk             |     4 |     8 |     3 ||    15
       Ration            |       |       |     2 ||     2
Armor: Robe              |     1 |    20 |    34 ||    55
Dodge: Dodged            |     5 |    68 |   221 ||   294
